 Dungeon Crawl Stone Soup version 0.22.1-6-g1668fe2 (webtiles) character file.

69524 sanboga the Severer (level 15, -3/151 HPs)
             Began as a Gargoyle Berserker on Jan 25, 2019.
             Was the Champion of Trog.
             Killed from afar by an orc warrior (12 damage)
             ... with an exploding inner flame
             ... hexed by the player character
             ... on level 1 of the Orcish Mines.
             The game lasted 00:24:47 (15878 turns).

sanboga the Severer (Gargoyle Berserker)           Turns: 15878, Time: 00:24:47

Health: -3/151     AC: 42    Str: 33    XL:     15   Next: 30%
Magic:  15/15      EV:  9    Int:  7    God:    Trog [******]
Gold:   1769       SH:  0    Dex:  9    Spells: 14/14 levels left

rFire    + + .     SeeInvis .   C - +1 battleaxe (chop)
rCold    . . .     Gourm    .   (shield currently unavailable)
rNeg     + . .     Faith    .   z - +5 plate armour of the Vacuum {rF+ Slay+3}
rPois    ∞         Spirit   .   F - +2 hat {MR+}
rElec    +         Reflect  .   f - +1 cloak
rCorr    .         Harm     .   j - +1 pair of gloves
MR       ++...                  B - +0 pair of boots
Stlth    ..........             (no amulet)
HPRegen  0.35/turn              G - ring of the Twenty Wonders {rF+ Stlth+}
MPRegen  0.14/turn              s - +3 ring of slaying

@: berserking (expiring), flying, studying Armour, very quick
A: big wings, negative energy resistance 1, electricity resistance, unbreathing,
petrification resistance, rot immunity, AC +11
a: Stop Flying, Berserk, Trog's Hand, Brothers in Arms, Renounce Religion


You were on level 1 of the Orcish Mines.
You worshipped Trog.
Trog was exalted by your worship.
You were very hungry.

You visited 3 branches of the dungeon, and saw 18 of its levels.

You collected 1769 gold pieces.

Inventory:

Hand Weapons
 q - a +2 hand axe of flaming
 y - a +4 executioner's axe of venom
 C - a +1 battleaxe of chopping (weapon)
Armour
 f - a +1 cloak (worn)
 j - a +1 pair of gloves (worn)
 z - the +5 plate armour of the Vacuum (worn) {rF+ Slay+3}
   (You found it on level 5 of the Lair of Beasts)

   It affects your accuracy and damage with ranged weapons and melee attacks
   (+3).
   It protects you from fire.
 B - a +0 pair of boots (worn)
 F - a +2 hat of magic resistance (worn)
Jewellery
 g - an uncursed ring of see invisible
 s - a +3 ring of slaying (right hand)
 w - an uncursed ring of protection from cold
 D - an uncursed ring of ice
 G - the ring of the Twenty Wonders (left hand) {rF+ Stlth+}
   (You found it on level 11 of the Dungeon)

   [ring of protection from fire]

   It protects you from fire.
   It makes you more stealthy.
Wands
 a - a wand of random effects (57)
 k - a wand of polymorph (27)
 r - a wand of iceblast (10)
 v - a wand of flame (24)
 I - a wand of scattershot (4)
Scrolls
 b - 19 scrolls of remove curse
 e - 2 scrolls of fear
 i - 2 scrolls of blinking
 x - 3 scrolls of teleportation
 E - 7 scrolls of identify
Potions
 d - 5 potions of agility
 h - 8 potions of curing
 l - 2 potions of mutation
 n - 5 potions of might
 o - 4 potions of heal wounds
 p - 4 potions of haste
 t - a potion of invisibility
Books
 H - a manual of Armour
Miscellaneous
 u - a phantom mirror
Comestibles
 c - 32 rations


   Skills:
 + Level 14.5 Fighting
 * Level 16.7 Axes
 + Level 16.5 Armour
 - Level 1.5 Dodging


You had 14 spell levels left.
You didn't know any spells.
Your spell library was empty.

Dungeon Overview and Level Annotations

Branches:
Dungeon (11/15)            Temple (0/1) D:7            Lair (6/6) D:10
 Shoals (0/4) Lair:3        Snake (0/4) Lair:4        Slime (0/5) Lair:5
    Orc (1/2) D:10

Altars:
Dithmenos
Kikubaaqudgha
Xom
Jiyva

Annotations:
D:11 1 runed door


Innate Abilities, Weirdness & Mutations

You are resistant to torment.
Your stone body is resilient. (AC +11)
You are immune to poison.
Your large and strong wings let you fly indefinitely.
You resist negative energy. (rN+)
You are resistant to electric shocks. (rElec)
You can survive without breathing.
You are immune to petrification.
You are immune to rotting.


Message History

The fiery explosion engulfs you! You resist.
* * * LOW HITPOINT WARNING * * *
Trog accepts your kill.
You carve the orc priest like a ham!!!
The orc priest explodes!
The fiery explosion engulfs you!
The fiery explosion engulfs the orc.
The orc explodes!
The fiery explosion engulfs the orc warrior.
The orc warrior explodes!
The fiery explosion engulfs the orc warrior.
The orc warrior is severely wounded.
The fiery explosion engulfs the orc warrior.
The orc warrior explodes!
The fiery explosion engulfs the orc knight.
The orc knight explodes!
The fiery explosion engulfs the orc warrior.
The orc warrior explodes!
Trog accepts your kill. x2
The fiery explosion engulfs you! You resist.
You die...

.........#
.........##
........#.###
............#######
............#.....#
............#.§§§.#
.......#.#..#§§§§.#
........#...#§§§§§#
[[.....##...#§§§@§#
[.....##...##§§§§§#
[...........#§#####
.......#...)#)).#
...........).#)##
....##..#.#)....#
.....#...##...%##
.....##.####.###
.......## ###


There were no monsters in sight!

Vanquished Creatures
  Gastronok (Lair:2)
  Kirke (Lair:5)
  The ghost of soterosky the Markscentaur, a journeyman CeHu of Okawaru (Lair:1)
  Josephine (Lair:5)
  Fannar (Lair:2)
  3 hydras
  A catoblepas (Lair:6)
  2 two-headed ogres (D:11)
  A death knight (D:11)
  An orc high priest (Orc:1)
  The ghost of VictoriousLee the Quickloader, a novice DsHu of Cheibriados (D:9)
  A deep troll earth mage (D:11)
  Urug (Orc:1)
  2 unseen horrors (D:11)
  2 phantasmal warriors (D:11)
  A lindwurm (Lair:4)
  6 orc knights (Orc:1)
  An orc sorcerer (Orc:1)
  2 deep elf magi
  A wolf spider (D:11)
  3 ugly things
  13 elephants
  A cyclops (D:11)
  A guardian serpent (Lair:4)
  2 centaur zombies (D:11)
  6 black mambas
  3 gargoyles (D:11)
  A freezing wraith (D:11)
  9 spiny frogs
  6 rime drakes
  2 efreet (D:11)
  A kobold demonologist (D:11)
  A yaktaur (D:11)
  6 komodo dragons
  A troll (Orc:1)
  3 hornets (Lair:6)
  4 polar bears
  Grinder (D:3)
  11 hippogriffs
  7 dream sheep
  14 blink frogs
  Sigmund (D:5)
  A spriggan (shapeshifter) (D:11)
  5 wraiths
  15 spriggans (Lair:6)
  A vampire (D:11)
  7 wyverns
  30 yaks
  7 basilisks (Lair:5)
  A steam dragon (D:10)
  3 hogs (Lair:5)
  A vampire mosquito (D:11)
  2 soldier ants
  An acid dragon (D:11)
  9 water moccasins
  11 porcupines
  9 black bears
  5 eyes of draining
  A hornet zombie (D:9)
  5 boggarts (Lair:6)
  9 ice beasts
  19 orc warriors
  5 ogres
  2 phantoms (D:8)
  25 wolves
  10 centaurs
  7 big kobolds
  17 crocodiles
  11 bullfrogs
  A gnoll sergeant (D:8)
  A water moccasin zombie (D:8)
  5 scorpions
  5 killer bees
  7 wights
  5 howler monkeys
  5 crimson imps
  A bullfrog zombie (D:7)
  4 hounds
  3 jellies
  10 orc priests
  2 bullfrog skeletons
  21 orc wizards
  3 centaur skeletons
  5 iguanas
  Ijyb (D:5)
  4 hell rats (Lair:6)
  9 worker ants
  2 hound skeletons (D:7)
  2 worker ant zombies (D:11)
  14 gnolls
  12 adders
  A shadow imp (D:11)
  2 oozes
  An adder zombie (D:5)
  2 worms (D:2)
  2 dart slugs (D:3)
  13 leopard geckos
  60 orcs
  A ball python (D:2)
  4 giant cockroaches
  9 goblins
  6 hobgoblins
  10 jackals
  20 kobolds
  4 quokkas
  9 bats
  6 frilled lizards
  A leopard gecko skeleton (D:8)
  13 rats
  10 fungi
  4 plants
647 creatures vanquished.

Vanquished Creatures (collateral kills)
  An ogre (D:7)
1 creature vanquished.

Vanquished Creatures (others)
  A troll (D:9)
  A human (Lair:6)
  A sky beast (D:9)
  An ogre (D:9)
  A bullfrog (D:9)
  A leopard gecko (D:9)
  3 orcs (D:9)
  2 jackals (D:9)
  A quokka (D:9)
  9 fungi
  2 plants (Lair:6)
23 creatures vanquished.

Grand Total: 671 creatures vanquished

Notes
Turn   | Place    | Note
-------+----------+-------------------------------------------
     0 | D:1      | sanboga the Gargoyle Berserker began the quest for the Orb.
     0 | D:1      | Reached XP level 1. HP: 14/14 MP: 1/1
   200 | D:1      | Reached XP level 2. HP: 17/19 MP: 2/2
   525 | D:2      | Reached ** piety under Trog
   528 | D:2      | Reached XP level 3. HP: 17/23 MP: 3/3
   908 | D:2      | Reached XP level 4. HP: 20/29 MP: 4/4
   948 | D:2      | Reached XP level 5. HP: 20/33 MP: 5/5
  1328 | D:3      | Reached XP level 6. HP: 21/39 MP: 6/6
  1621 | D:3      | Reached *** piety under Trog
  1744 | D:3      | Found a shadowy altar of Dithmenos.
  1962 | D:3      | Noticed Grinder
  1967 | D:3      | Killed Grinder
  1967 | D:3      | Reached skill level 5 in Fighting
  1967 | D:3      | Reached skill level 5 in Axes
  1967 | D:3      | Reached XP level 7. HP: 44/44 MP: 7/7
  2970 | D:5      | Entered Level 5 of the Dungeon
  3029 | D:5      | Noticed Sigmund
  3046 | D:5      | Killed Sigmund
  3105 | D:5      | Reached skill level 5 in Armour
  3165 | D:5      | Reached XP level 8. HP: 41/51 MP: 8/8
  3327 | D:5      | Noticed Ijyb
  3372 | D:5      | Killed Ijyb
  3837 | D:6      | Found an ancient bone altar of Kikubaaqudgha.
  3938 | D:6      | Reached **** piety under Trog
  4679 | D:7      | Found a staircase to the Ecumenical Temple.
  5053 | D:7      | Reached XP level 9. HP: 52/56 MP: 9/9
  5600 | D:8      | Received a gift from Trog
  5604 | D:8      | Reached ***** piety under Trog
  6128 | D:8      | Reached XP level 10. HP: 64/64 MP: 10/10
  6290 | D:8      | Received a gift from Trog
  6658 | D:8      | Reached skill level 10 in Axes
  6694 | D:8      | Noticed a three-headed hydra
  6704 | D:8      | Killed a nine-headed hydra
  6959 | D:9      | Noticed a deep elf mage
  6967 | D:9      | Killed a deep elf mage
  6979 | D:9      | Found a shimmering altar of Xom.
  7084 | D:9      | Reached XP level 11. HP: 71/71 MP: 11/11
  7202 | D:9      | Found a runed door.
  7202 | D:9      | Noticed VictoriousLee's ghost (novice DsHu)
  7222 | D:9      | Killed VictoriousLee's ghost
  7445 | D:10     | Entered Level 10 of the Dungeon
  7531 | D:10     | Reached skill level 10 in Fighting
  7542 | D:10     | Found a staircase to the Lair.
  7719 | D:10     | Found a staircase to the Orcish Mines.
  8263 | D:11     | Noticed a two-headed ogre
  8263 | D:11     | Noticed a seven-headed hydra
  8263 | D:11     | Noticed a purple ugly thing
  8267 | D:11     | Received a gift from Trog
  8286 | D:10     | Killed a purple ugly thing
  8286 | D:10     | Reached skill level 10 in Armour
  8306 | D:10     | Killed a one-headed hydra
  8504 | D:11     | Killed a two-headed ogre
  8508 | D:11     | Noticed a two-headed ogre
  8518 | D:11     | Killed a two-headed ogre
  8576 | D:11     | Noticed a phantasmal warrior
  8721 | D:11     | Reached XP level 12. HP: 79/79 MP: 12/12
  8956 | D:11     | Found a runed door.
  9103 | D:11     | Noticed a death knight
  9116 | D:11     | Killed a death knight
  9301 | D:11     | Got a flickering bronze ring
  9310 | D:11     | Noticed a deep troll earth mage
  9497 | D:11     | Reached ****** piety under Trog
  9521 | D:11     | Reached XP level 13. HP: 81/86 MP: 13/13
  9526 | D:11     | Received a gift from Trog
  9921 | D:11     | Identified the ring of the Twenty Wonders {rF+ Stlth+} (You
                  | found it on level 11 of the Dungeon)
  9982 | Lair:1   | Entered Level 1 of the Lair of Beasts
  9982 | Lair:1   | Found a runed door.
  9983 | Lair:1   | Noticed soterosky's ghost (journeyman CeHu)
 10010 | Lair:1   | Killed soterosky's ghost
 10982 | Lair:2   | Noticed Gastronok
 10998 | Lair:2   | Killed Gastronok
 11278 | Lair:2   | Noticed Fannar
 11295 | Lair:2   | Killed Fannar
 11468 | Lair:3   | Found a staircase to the Shoals.
 11828 | Lair:3   | You fall through a shaft for 3 floors!
 11828 | Lair:6   | Entered Level 6 of the Lair of Beasts
 11881 | Lair:6   | Noticed Kirke
 12427 | Lair:4   | Found a staircase to the Snake Pit.
 12435 | Lair:4   | Received a gift from Trog
 12442 | Lair:4   | Reached skill level 15 in Axes
 12680 | Lair:4   | Gained mutation: Your large and strong wings let you fly
                  | indefinitely. [Gargoyle growth]
 12680 | Lair:4   | Reached XP level 14. HP: 77/94 MP: 14/14
 12990 | Lair:5   | Found a staircase to the Slime Pits.
 12990 | Lair:5   | Found a viscous altar of Jiyva.
 13076 | Lair:5   | Noticed Josephine
 13086 | Lair:5   | Killed Josephine
 13430 | Lair:5   | Got a bronze plate armour
 13441 | Lair:5   | Identified the +5 plate armour of the Vacuum {rF+ Slay+3}
                  | (You found it on level 5 of the Lair of Beasts)
 14080 | Lair:5   | Killed Kirke
 14106 | Lair:6   | Reached skill level 15 in Armour
 14625 | Lair:6   | Received a gift from Trog
 14986 | Lair:6   | Reached XP level 15. HP: 89/100 MP: 15/15
 15318 | Orc:1    | Entered Level 1 of the Orcish Mines
 15338 | Orc:1    | Received a gift from Trog
 15509 | Orc:1    | Noticed Urug
 15531 | Orc:1    | Killed Urug
 15878 | Orc:1    | Killed from afar by an orc warrior

Skill      XL: |  1  2  3  4  5  6  7  8  9 10 11 12 13 14 15 |
---------------+----------------------------------------------+-----
Axes           | 3 4 5 6 7 9 10 12 13 15 16 | 16.7
Armour         | 3 4 5 6 7 9 10 11 14 15 16 | 16.5
Fighting       | 4 5 6 8 9 10 12 13 14 | 14.5
Dodging        | |  1.5

Action                   |  1- 3 |  4- 6 |  7- 9 | 10-12 | 13-15 || total
-------------------------+-------+-------+-------+-------+-------++-------
Melee: Hand axe          |   128 |   170 |   363 |    15 |     9 ||   685
       Unarmed           |       |     4 |    18 |       |       ||    22
       War axe           |       |       |   148 |    52 |       ||   200
       Broad axe         |       |       |       |   524 |    23 ||   547
       Battleaxe         |       |       |       |       |   779 ||   779
Invok: Berserk           |       |     1 |     1 |     5 |     1 ||     8
       Trog's Hand       |       |       |       |       |     1 ||     1
 Abil: Fly               |       |       |       |       |     1 ||     1
Evoke: Wand              |       |       |     8 |       |       ||     8
  Use: Scroll            |     3 |     1 |    14 |     4 |    11 ||    33
       Potion            |     2 |       |     1 |     2 |       ||     5
  Eat: Chunk             |       |     5 |    15 |    11 |    22 ||    53
       Ration            |       |       |       |     4 |       ||     4
Armor: Scale mail        |    43 |       |       |       |       ||    43
       Animal skin       |     9 |       |       |       |       ||     9
       Plate armour      |    66 |   139 |   439 |   548 |   746 ||  1938
Dodge: Dodged            |    69 |    84 |   207 |   274 |   351 ||   985
